 Dungeon Crawl Stone Soup version 0.26-a0-259-g1effd001a9 (webtiles) character file.

Game seed: 10995252247026766716

31 gruber the Firebug (level 3, -4/21 HPs)
             Began as an Octopode Fire Elementalist on July 26, 2020.
             Killed from afar by Terence (8 damage)
             ... with a puff of flame
             ... on level 2 of the Dungeon.
             The game lasted 00:02:03 (1469 turns).

gruber the Firebug (Octopode Fire Elementalist)     Turns: 1469, Time: 00:02:03

Health: -4/21      AC:  1    Str:  7    XL:     3   Next: 22%
Magic:  0/6        EV: 12    Int: 18    God:
Gold:   61         SH:  3    Dex: 12    Spells: 5/6 levels left

rFire    . . .     SeeInvis .   c - +0 hand axe (curse)
rCold    . . .     Faith    .   i - +0 buckler
rNeg     . . .     Spirit   .   (helmet restricted)
rPois    .         Reflect  .   (no amulet)
rElec    .         Harm     .   (no ring)
rCorr    .                      (no ring)
MR       .....                  (no ring)
Stlth    +++.......             (no ring)
HPRegen  0.07/turn              (no ring)
MPRegen  0.10/turn              (no ring)
                                (no ring)
                                (no ring)

@: no status effects
A: almost no armour, stealthy swim, amphibious, 8 rings, constrict 8, camouflage
1, gelatinous body 1
a: no special abilities


You were on level 2 of the Dungeon.
You were not hungry.

You visited 1 branch of the dungeon, and saw 2 of its levels.

You collected 61 gold pieces.

Inventory:

Hand Weapons
 a - a +0 spear
 c - a cursed +0 hand axe (weapon)
Armour
 i - a +0 buckler (worn)
Scrolls
 e - a scroll of magic mapping {unknown}
 g - a scroll of fog {unknown}
 h - a scroll of enchant weapon {unknown}
Potions
 d - 3 potions of degeneration {unknown}
 f - a potion of heal wounds {unknown}
Comestibles
 b - a ration


   Skills:
 - Level 2.0 Dodging
 - Level 2.6 Stealth
 + Level 2.4 Spellcasting
 * Level 1.9 Conjurations
 + Level 3.5 Fire Magic


You had 5 spell levels left.
You knew the following spells:

 Your Spells              Type           Power        Failure   Level
a - Foxfire               Conj/Fire      ##..         10%         1

Your spell library contained the following spells:

 Spells                   Type           Power        Failure   Level
 Conjure Flame            Conj/Fire      ##......     28%         3
 Inner Flame              Hex/Fire       #.......     38%         3
 Sticky Flame             Conj/Fire      ##......     67%         4
 Fireball                 Conj/Fire      ##........   95%         5


Dungeon Overview and Level Annotations

Branches:
Dungeon (2/15)

Altars:
Qazlal

Annotations:
D:2 Terence


Innate Abilities, Weirdness & Mutations

You cannot wear most types of armour.
You are very stealthy in the water. (Stealth+)
You are amphibious.
You can wear up to eight rings at the same time.
You can use your tentacles to constrict eight enemies at once.
Your skin changes colour to match your surroundings (Stealth+).
Your rubbery body absorbs attacks. (AC +1, EV +1)


Message History

Casting: Foxfire (safe; 10% risk of failure)
Confirm with . or Enter, or press ? or * to list all spells.
You conjure some foxfire!
The foxfire hits Terence but does no damage.
Terence is moderately wounded.
The foxfire hits Terence but does no damage.
Terence is moderately wounded.
The foxfire hits Terence but does no damage.
Terence is moderately wounded.
Unknown command.
Unknown command.
You hit Terence but do no damage. You grab Terence.
Terence is moderately wounded.
You constrict Terence, but do no damage.
The foxfire hits Terence but does no damage.
Terence is moderately wounded.
The foxfire hits Terence but does no damage.
Terence is moderately wounded.
Terence zaps a wand.
The puff of flame hits you!
You die...

##..#^..≈....^.........##.####.
.....................)..).....
#... #..............#....##†
........###....#.###.##.#.##.
#.##.##.# #<)........##......
###.##.##.# #....#.########.##.
#......##.# #....#.# #.##.
#.#.#####.###..§.#.# #.... #
#.#####....@@....# ####.
#.......####.§.### #.
#######.####...# #.
#.......##...#.## ##
#.###.#...........
#.####.>##.#.# #.......# ...
#######.# #.# #.# .#


You could see Terence.

Vanquished Creatures
  A worm (D:2)
  A giant cockroach (D:1)
  3 goblins (D:1)
  5 hobgoblins (D:1)
  4 jackals (D:1)
  2 kobolds (D:1)
  A bat (D:2)
  2 frilled lizards
  7 rats (D:1)
26 creatures vanquished.

Vanquished Creatures (collateral kills)
  A hobgoblin (D:1)
1 creature vanquished.

Vanquished Creatures (others)
  112 foxfires
112 creatures vanquished.

Grand Total: 139 creatures vanquished

Notes
Turn   | Place    | Note
-------+----------+-------------------------------------------
     0 | D:1      | gruber the Octopode Fire Elementalist began the quest for
                  | the Orb.
     0 | D:1      | Reached XP level 1. HP: 11/11 MP: 3/3
   302 | D:1      | Reached XP level 2. HP: 17/17 MP: 0/5
   865 | D:1      | Reached XP level 3. HP: 4/21 MP: 0/6
  1407 | D:2      | Found a stormy altar of Qazlal.
  1443 | D:2      | Noticed Terence
  1469 | D:2      | Killed from afar by Terence

Illustrated notes

Levels and vault maps discovered:
D:1:      erik_arrival_blinker_ship, layout_basic
D:2:      layout_loops_cross, grunt_qazlal_sundering,
          nicolae_overflow_hidden_temple, uniq_terence, uniq_crazy_yiuf_cottage

Action                   || total
-------------------------++-------
Melee: Hand axe          ||     1
       Constrict         ||     1
 Cast: Foxfire           ||    68
  Eat: Ration            ||     1
Armor: Skin              ||     2
Dodge: Dodged            ||     7

Table legend:
 A = Non-vault XP
 B = Vault XP
 C = Vault XP percentage of total XP
 D = Non-vault monster count
 E = Vault monster count
 F = Vault count percentage of total count
                 A         B        C        D         E       F
            +---------+---------+-------+---------+---------+-------
      Total |      45 |       0 |   0.0 |      27 |       0 |   0.0
            +---------+---------+-------+---------+---------+-------
        D:1 |      39 |       0 |   0.0 |      24 |       0 |   0.0
        D:2 |       6 |       0 |   0.0 |       3 |       0 |   0.0
            +---------+---------+-------+---------+---------+-------
